AoeStats
← 木

Arena

509308566Analyzed
4v4 RM · 4d ago on Sep 26, 2026· 54m 25s· 8 players
Game mode
Random Map
Map size
Large (8 player)
Population
200
Speed
Normal
Resources
Standard
Victory
Conquest
Starting age
Dark Age
Ending age
Imperial Age
RankedLock teamsTeams togetherTeam positionsShared explorationLock speedFull tech treeHidden civsTurbo modeCheats
Victory
Defeat
🇬🇧 Danes · United Kingdom
1249
+16
🇨🇳 Ethiopians · China
1240
+16
🇹🇼 Saxons · Taiwan
1204
+17
🇬🇧 Mongols · United Kingdom
1189
+18
🇨🇳 Cumans · China
1314
-20
🇨🇳 Japanese · China
1253
-17
🇹🇼 Franks · Taiwan
1248
-17
🇨🇳 Persians · China
1137
-13
BobbySausage
10:10 Feudal Age
14:04 Castle Age
15:20 Double-Bit Axe
17:22 Loom
23:38 Wheelbarrow
23:43 Horse Collar
26:24 Bow Saw
30:04 Imperial Age
27:58 Heavy Plow
28:09 Scale Barding Armor
28:14 Forging
28:06 Scale Mail Armor
28:19 Gold Mining
28:19 Stone Mining
29:09 Hand Cart
29:27 Gambesons
29:45 Squires
29:30 Arson
29:17 Hamask
30:18 Town Watch
31:07 Conscription
30:16 Elite Varangian Guard
30:54 Onager
31:30 Northmen's Fury
32:38 Chain Mail Armor
33:08 Iron Casting
33:26 Town Patrol
33:43 Siege Engineers
34:27 Siege Onager
37:55 Blast Furnace
37:26 Plate Mail Armor
45:02 Gold Shaft Mining
45:34 Chemistry
48:34 Coinage
TheLegendOfTheSuperheroBunny
10:26 Feudal Age
14:04 Castle Age
12:31 Double-Bit Axe
13:02 Horse Collar
20:30 Fletching
21:00 Loom
22:03 Bodkin Arrow
28:22 Bow Saw
28:56 Wheelbarrow
28:35 Gold Mining
30:21 Padded Archer Armor
32:44 Leather Archer Armor
33:54 Ballistics
34:40 Bloodlines
34:30 Husbandry
36:36 Fortified Wall
37:20 Scale Barding Armor
37:25 Forging
40:44 Imperial Age
38:54 Chain Barding Armor
38:16 Light Cavalry
38:51 Light Cavalry
42:08 Iron Casting
41:38 Heavy Camel Rider
51:29 Stone Mining
51:01 Crossbowman
53:21 Hand Cart
54:35 Town Watch
taj
10:30 Feudal Age
12:04 Double-Bit Axe
14:38 Castle Age
13:34 Horse Collar
23:35 Heavy Plow
26:53 Wheelbarrow
26:45 Bow Saw
30:20 Imperial Age
28:09 Gold Mining
29:44 Hand Cart
29:44 Squires
29:29 Arson
29:30 Gambesons
29:06 Pikeman
29:51 Scale Mail Armor
30:02 Forging
30:17 Clerical Recruitment
31:23 Conscription
31:20 Chain Mail Armor
30:32 Shield Wall
32:00 Iron Casting
31:09 Halberdier
32:28 Elite Varangian Guard
34:36 Plate Mail Armor
35:49 Scale Barding Armor
35:38 Fletching
37:15 Chain Barding Armor
38:16 Bodkin Arrow
37:55 Elite Hearth Troop
42:02 Bracer
41:24 Clerical Recruitment
45:26 Padded Archer Armor
45:22 Stone Mining
46:08 Gold Shaft Mining
48:52 Two-Man Saw
49:39 Leather Archer Armor
50:04 Man-at-Arms
51:15 Ring Archer Armor
51:11 Long Swordsman
51:46 Two-Handed Swordsman
52:38 Champion
木
10:13 Feudal Age
13:43 Castle Age
11:45 Double-Bit Axe
12:02 Horse Collar
14:55 Bow Saw
21:08 Loom
22:36 Wheelbarrow
29:13 Imperial Age
26:29 Town Watch
27:38 Heavy Plow
27:55 Hand Cart
28:17 Fletching
28:27 Padded Archer Armor
28:49 Crossbowman
29:25 Bodkin Arrow
29:59 Ballistics
30:49 Bracer
30:33 Arbalester
31:09 Gold Mining
31:11 Stone Mining
32:30 Two-Man Saw
32:14 Padded Archer Armor
33:24 Chemistry
33:06 Conscription
34:12 Leather Archer Armor
34:27 Scale Mail Armor
34:17 Onager
34:46 Halberdier
35:26 Squires
36:31 Ring Archer Armor
36:18 Chain Mail Armor
38:41 Plate Mail Armor
38:33 Capped Ram
41:07 Forging
40:34 Siege Ram
45:28 Iron Casting
45:02 Torsion Engines
48:30 Blast Furnace
49:25 Siege Engineers
49:32 Masonry
49:33 Fortified Wall
51:00 Royal Heirs
51:08 Scale Barding Armor
50:53 Arson
51:42 Architecture
51:04 Siege Onager
51:30 Man-at-Arms
52:33 Chain Barding Armor
51:35 Elite Shotel Warrior
howtomakeaturn
4:27 Loom
11:17 Feudal Age
15:25 Castle Age
14:06 Double-Bit Axe
16:26 Bow Saw
20:55 Wheelbarrow
20:09 Town Watch
20:16 Gold Mining
23:21 Hand Cart
28:13 Imperial Age
27:15 Gold Shaft Mining
26:52 Scale Barding Armor
26:58 Forging
28:03 Husbandry
28:41 Chain Barding Armor
29:19 Iron Casting
28:17 Cavalier
29:57 Plate Barding Armor
30:01 Paladin
31:55 Blast Furnace
32:06 Fletching
34:24 Light Cavalry
37:33 Stone Mining
42:48 Bodkin Arrow
45:34 Padded Archer Armor
45:31 Elite Skirmisher
47:01 Leather Archer Armor
48:48 Chemistry
再见也是梦
10:02 Feudal Age
15:07 Castle Age
13:48 Double-Bit Axe
14:33 Scale Mail Armor
22:01 Forging
26:13 Wheelbarrow
26:52 Horse Collar
27:27 Loom
29:02 Bow Saw
29:15 Fletching
29:25 Padded Archer Armor
29:54 Town Watch
30:31 Bodkin Arrow
31:01 Gold Mining
31:02 Stone Mining
31:34 Leather Archer Armor
31:37 Heavy Plow
35:51 Imperial Age
33:39 Hand Cart
34:41 Town Patrol
34:48 Elite Skirmisher
36:02 Ballistics
35:55 Fortified Wall
37:08 Ring Archer Armor
36:38 Bracer
37:03 Conscription
38:44 Two-Man Saw
39:18 Chemistry
37:58 Treadmill Crane
39:32 Gold Shaft Mining
42:00 Elite Samurai
43:17 Hoardings
43:02 Chain Mail Armor
43:22 Iron Casting
43:48 Man-at-Arms
44:13 Gambesons
45:04 Plate Mail Armor
45:24 Long Swordsman
47:07 Blast Furnace
45:57 Capped Ram
46:19 Two-Handed Swordsman
47:10 Champion
班长
9:32 Feudal Age
11:22 Scale Mail Armor
11:35 Forging
12:23 Double-Bit Axe
15:34 Man-at-Arms
19:47 Wheelbarrow
20:23 Horse Collar
28:25 Castle Age
28:23 Gold Mining
28:26 Stone Mining
33:13 Imperial Age
31:03 Heavy Plow
33:14 Loom
33:45 Hand Cart
33:15 Town Watch
34:22 Fletching
35:00 Bodkin Arrow
35:07 Padded Archer Armor
36:01 Thumb Ring
36:58 Leather Archer Armor
36:25 Elite Skirmisher
36:31 Elite Skirmisher
37:35 Ballistics
38:16 Chemistry
38:01 Masonry
37:49 Murder Holes
38:12 Bow Saw
41:34 Masonry
一梦千年
10:35 Feudal Age
14:57 Castle Age
12:57 Double-Bit Axe
12:53 Horse Collar
15:59 Bow Saw
15:52 Heavy Plow
25:03 Wheelbarrow
24:14 Town Watch
29:29 Imperial Age
27:15 Hand Cart
26:46 Loom
27:51 Gold Mining
28:17 Forging
28:13 Scale Barding Armor
29:09 Stone Mining
29:55 Gold Shaft Mining
30:13 Iron Casting
29:24 Town Watch
30:09 Chain Barding Armor
30:41 Conscription
31:25 Chemistry
30:45 Ballistics
30:21 Murder Holes
31:09 Stone Shaft Mining
30:39 Town Patrol
31:51 Crop Rotation
31:00 Cavalier
31:42 Husbandry
31:52 Bloodlines
33:20 Blast Furnace
32:55 Plate Barding Armor
32:27 Savar
37:03 Masonry
38:08 Coinage
37:39 Caravan
40:39 Light Cavalry
43:11 Two-Man Saw
42:41 Hussar
46:39 Squires
47:58 Banking
48:04 Fletching
48:14 Padded Archer Armor
50:53 Thumb Ring
51:04 Kamandaran
50:26 Crossbowman
Connection lost

Rejoining the realm…

Still unreachable

The connection could not be restored.

Session expired

The server has moved on; the page needs a fresh start.